 Dungeon Crawl Stone Soup version 0.30-a0-719-gcc4359ea44 (console) character file.

Game seed: 5668760520419185598

4771 Ignak the Sneak (level 10, -1/65 HPs)
             Began as an Octopode Hedge Wizard on Jan 26, 2023.
             Was a Believer of Sif Muna.
             Slain by Grum
             ... wielding a +1 spear of venom
              (8 damage)
             ... on level 8 of the Dungeon.
             The game lasted 00:25:55 (6751 turns).

Ignak the Sneak (Octopode Hedge Wizard)             Turns: 6751, Time: 00:25:56

Health: -1/65      AC:  7    Str: 11    XL:     10   Next: 47%
Magic:  6/17       EV: 16    Int: 20    God:    Sif Muna [**....]
Gold:   481        SH:  0    Dex: 15    Spells: 7/19 levels left

rFire   . . .      SeeInvis .    a - +8 spear of Daluoj {drain, Dex+4}
rCold   . . .      Faith    .    (no shield)
rNeg    . . .      Spirit   .    h - +2 hat
rPois   .          Reflect  .    (no amulet)
rElec   .          Harm     .    j - +4 ring of protection
rCorr   .          Rampage  .    (no ring)
Will    .....                    (no ring)
Stlth   ++++                     (no ring)
HPRegen 0.30/turn                (no ring)
MPRegen 0.15/turn                (no ring)
                                 (no ring)
                                 (no ring)

@: lethally poisoned (-1 -> -16), very slightly contaminated
A: almost no armour, amphibious, 8 rings, camouflage 1, gelatinous body 1,
(nimble swimmer 1), tentacles
a: Renounce Religion, Channel Magic


You were on level 8 of the Dungeon.
You worshipped Sif Muna.
Sif Muna was pleased with you.
You visited 1 branch of the dungeon, and saw 8 of its levels.
You also visited: Ossuary.

You collected 481 gold pieces.

Inventory:

Hand Weapons
 a - the +8 spear of Daluoj (weapon) {drain, Dex+4}
   (You found it on level 3 of the Dungeon)

   Dex:       It affects your dexterity (+4).
 f - a +1 hand axe of freezing
 z - the +11 war axe of Loinet {protect, *Slow rN++ SInv}
   (You found it on level 7 of the Dungeon)

   rN:        It greatly protects you from negative energy.
   SInv:      It lets you see invisible.
   *Slow:     It may slow you when you take damage.
 D - the +8 sling "Jammaroem" {freeze, rC++}
   (You found it on level 7 of the Dungeon)

   rC:        It greatly protects you from cold.
 E - a +0 short sword
 G - a +0 rapier
Missiles
 d - 13 poisoned darts (quivered)
 v - a throwing net
Armour
 h - a +2 hat (worn)
Magical Staves
 b - a staff of death
Jewellery
 j - a +4 ring of protection (left tentacle)
Wands
 p - a wand of polymorph (26)
 q - a wand of flame (16)
 y - a wand of paralysis (5)
 C - a wand of quicksilver (9)
Scrolls
 i - 2 scrolls of brand weapon
 k - 2 scrolls of blinking
 l - a scroll of poison
 n - 6 scrolls of amnesia
 r - a scroll of fear
 t - a scroll of teleportation
 x - 3 scrolls of enchant weapon
Potions
 c - a potion of magic
 e - 3 potions of lignification
 g - 3 potions of curing
 m - a potion of cancellation
 o - a potion of resistance {unknown}
 s - 2 potions of heal wounds
 u - a potion of might {unknown}
 w - a potion of brilliance
 A - a potion of ambrosia
 B - a potion of haste
 F - a potion of invisibility
 H - a potion of mutation {unknown}


   Skills:
 + Level 4.4 Fighting
 - Level 0.1 Short Blades
 + Level 6.1 Polearms
 + Level 6.8 Dodging
 + Level 6.9 Stealth
 - Level 1.0 Unarmed Combat
 + Level 5.1 Spellcasting
 - Level 3.0 Conjurations
 - Level 2.0 Summonings
 * Level 5.1 Necromancy
 - Level 3.0 Translocations
 - Level 2.0 Air Magic
 - Level 4.0 Poison Magic
 + Level 3.6 Invocations


You had 7 spell levels left.
You knew the following spells:

 Your Spells              Type           Power      Damage    Failure   Level
a - Magic Dart            Conj           68%        1d6       3%          1
b - Blink                 Tloc           34%        N/A       4%          2
c - Dispel Undead         Necr           25%        3d12      14%         4
d - Mephitic Cloud        Conj/Pois/Air  17%        N/A       10%         3
e - Call Imp              Summ           13%        N/A       8%          2

Your spell library contained the following spells:

 Spells                   Type           Power      Damage    Failure   Level
 Cigotuvi's Dreadful Rot  Necr/Pois/Air  40%        N/A       3%          2
 Slow                     Hex            20%        N/A       12%         1
 Death Channel            Necr           12%        N/A       91%         6


Dungeon Overview and Level Annotations

Branches:
Dungeon (8/15)             Temple (0/1) D:6         Ossuary (visited)
   Lair: D:8-11

Altars:
Cheibriados
Fedhas
Hepliaklqana
Nemelex Xobeh
Qazlal
Ru
Sif Muna
Uskayaw
Yredelemnul

Shops:
D:4 [

Annotations:
D:8 Grum


Innate Abilities, Weirdness & Mutations

You cannot wear most types of armour.
You are amphibious.
You can wear up to eight rings at the same time.
Your skin changes colour to match your surroundings (Stealth+).
Your rubbery body absorbs attacks. (AC +1, EV +1)
((You are camouflaged when in or above water. (Stealth+)))
You have tentacles for arms and can constrict up to eight enemies at once.


Message History

Nothing appears to happen.
You feel very sick. The wolf closely misses you. The wolf misses you.
Casting: Call Imp (safe; 8% risk of failure)
Confirm with . or Enter, or press ? or * to list all spells.
A shadowy apparition takes form in the air.
You feel very sick. The wolf closely misses you. Grum closely misses you.
You feel very sick. The wolf barely misses you. Grum misses you.
You swap places.
You feel stable enough to blink again.
You feel sick. The wolf bites your shadow imp.
Your shadow imp hits Grum but does no damage.
You feel sick. Grum closely misses you.
Your shadow imp hits Grum.
You are too injured to fight recklessly!
You feel sick. Something hits your shadow imp!
Your shadow imp dies!
Your shadow imp disappears in a puff of smoke!
Casting: Call Imp (safe; 8% risk of failure)
Confirm with . or Enter, or press ? or * to list all spells.
Aiming: Mephitic Cloud (dangerous; 10% risk of failure)
Press: ? - help, Shift-Dir - straight line You miscast Mephitic Cloud.
Nothing appears to happen.
You feel sick.
Grum hits you from afar with a +1 spear of venom!
* * * LOW HITPOINT WARNING * * *
You are lethally poisoned!
Casting: Mephitic Cloud (dangerous; 10% risk of failure)
Confirm with . or Enter, or press ? or * to list all spells.
Aiming: Mephitic Cloud (dangerous; 10% risk of failure)
Press: ? - help, Shift-Dir - straight line, f - Grum
Aim: Grum, wielding a +1 spear of venom and wearing a +0 animal skin (purple smoke, moderately wounded, fast, lightly drained, chance to affect: 86%)
The ball explodes into a vile cloud!
The stinking cloud engulfs Grum but does no damage.
Grum is moderately wounded.
* * * LOW HITPOINT WARNING * * *
You feel very sick.
Grum stares intently and growls.
Grum hits you from afar with a +1 spear of venom!
You die...

.................#
.....##.########..
.....##.........
####..##########
##...........
#..############
#.###....hh.g.#
#.###†#######§#
#..##.# #@#
##..).# #.# ######
..# ..## ###


You could see Grum (fast, drained).

Vanquished Creatures
  The ghost of BaabKaare the Firebug, a novice DrFE of Gozag (D:6)
  Maggie (D:7)
  Menkaure (D:7)
  A warg (D:6)
  Edmund (D:6)
  2 water moccasins
  Pargi (D:4)
  3 orc warriors (D:6)
  2 sky beasts
  A black bear (D:8)
  2 ice beasts (D:7)
  2 ogres
  2 wolves (D:8)
  2 centaurs (D:7)
  A kobold brigand (D:6)
  An elf zombie (Ossuary)
  A phantom (D:5)
  Blork the orc (D:4)
  4 bullfrogs
  3 necrophages (D:5)
  2 scorpions
  Dowan (D:7)
  3 killer bees (D:6)
  A howler monkey (D:6)
  4 hounds
  3 human zombies (Ossuary)
  A jelly (D:6)
  An orc priest (D:6)
  2 gnoll boudas
  2 orc wizards
  Ijyb (D:3)
  An iguana (D:5)
  2 hound zombies (Ossuary)
  4 mummies
  Robin (D:4)
  14 gnolls
  6 adders
  A white imp (D:6)
  2 ufetubi
  An adder zombie (Ossuary)
  A worm (D:2)
  6 dart slugs
  13 orcs
  5 ball pythons
  2 bats
  7 endoplasms
  6 giant cockroaches
  20 goblins
  10 hobgoblins
  4 quokkas
  5 frilled lizards
  A gnoll zombie (Ossuary)
  A goblin zombie (D:6)
  4 hobgoblin zombies
  12 kobolds
  5 rats
188 creatures vanquished.

Vanquished Creatures (collateral kills)
  Duvessa (D:7)
  3 killer bees (D:6)
  A mummy (Ossuary)
  3 gnolls
  An adder (D:3)
  A worm (D:3)
  2 orcs
  A goblin (D:3)
  A hobgoblin (D:1)
  An orc zombie (Ossuary)
15 creatures vanquished.

Vanquished Creatures (others)
  2 fungi (D:3)
  21 plants (D:6)
23 creatures vanquished.

Grand Total: 226 creatures vanquished

Notes
Turn   | Place    | Note
-------+----------+-------------------------------------------
     0 | D:1      | Ignak the Octopode Hedge Wizard began the quest for the
                  | Orb.
     0 | D:1      | Reached XP level 1. HP: 11/11 MP: 4/4
    34 | D:1      | Reached XP level 2. HP: 11/17 MP: 6/6
    44 | D:1      | Learned a level 2 spell: Call Imp
    47 | D:1      | Learned a level 2 spell: Blink
   385 | D:1      | Reached XP level 3. HP: 22/22 MP: 7/7
   849 | D:2      | Reached skill level 1 in Unarmed Combat
   854 | D:2      | Learned a level 3 spell: Mephitic Cloud
   999 | D:2      | Reached XP level 4. HP: 27/27 MP: 5/8
  1507 | D:3      | Identified the +8 spear of Daluoj {drain, Dex+4}
  1659 | D:3      | Reached skill level 1 in Poison Magic
  1659 | D:3      | Reached XP level 5. HP: 32/32 MP: 4/9
  1708 | D:3      | Found a faded altar of an unknown god.
  1824 | D:3      | Reached skill level 1 in Fighting
  1829 | D:3      | Noticed Ijyb
  1842 | D:3      | Reached skill level 1 in Air Magic
  1842 | D:3      | Killed Ijyb
  2249 | D:3      | Found a blossoming altar of Fedhas.
  2414 | D:4      | Reached skill level 1 in Polearms
  2414 | D:4      | Reached XP level 6. HP: 38/38 MP: 10/10
  2435 | D:4      | Noticed Pargi
  2445 | D:4      | Killed Pargi
  2450 | D:4      | Found Enogg's Antique Armour Boutique.
  2585 | D:4      | Noticed Blork the orc
  2597 | D:4      | Killed Blork the orc
  2632 | D:4      | Reached XP level 7. HP: 31/43 MP: 2/12
  2638 | D:4      | Reached skill level 1 in Necromancy
  2660 | D:4      | Learned a level 4 spell: Dispel Undead
  2754 | D:4      | Noticed Robin
  2769 | D:4      | Killed Robin
  3117 | D:5      | Entered Level 5 of the Dungeon
  3207 | D:5      | Found a snail-covered altar of Cheibriados.
  3440 | D:5      | Reached XP level 8. HP: 50/50 MP: 10/13
  3606 | D:5      | Found a hide-covered altar of Uskayaw.
  3758 | D:5      | Found a shimmering blue altar of Sif Muna.
  3766 | D:5      | Became a worshipper of Sif Muna the Loreminder
  3827 | D:5      | Found a basalt altar of Yredelemnul.
  4005 | D:6      | Noticed Edmund
  4005 | D:6      | Found a hazy altar of Hepliaklqana.
  4027 | D:6      | Killed Edmund
  4056 | D:6      | Found a sand-covered staircase.
  4097 | Ossuary  | Entered an ossuary
  4167 | Ossuary  | Reached * piety under Sif Muna
  4376 | D:6      | Reached skill level 5 in Stealth
  4376 | D:6      | Reached XP level 9. HP: 41/55 MP: 7/15
  4392 | D:7      | Noticed Maggie
  4433 | D:6      | Reached skill level 1 in Invocations
  4453 | D:6      | Reached skill level 5 in Dodging
  4871 | D:6      | Found a sacrificial altar of Ru.
  4899 | D:6      | Found a staircase to the Ecumenical Temple.
  5014 | D:6      | Identified the +7 chain mail of Broken Taboos {rElec rCorr
                  | Int+2}
  5016 | D:6      | Found a runed translucent gate.
  5016 | D:6      | Found a runed translucent gate.
  5017 | D:6      | Found a runed translucent gate.
  5019 | D:6      | Noticed BaabKaare's ghost (novice DrFE)
  5142 | D:6      | Killed BaabKaare's ghost
  5177 | D:6      | Reached skill level 5 in Polearms
  5314 | D:6      | Reached ** piety under Sif Muna
  5469 | D:6      | Identified the +2 helmet of Liberty {Harm Regen+ Str+8
                  | Dex-4}
  5523 | D:6      | Reached XP level 10. HP: 58/63 MP: 13/17
  5712 | D:7      | Killed Maggie
  5818 | D:7      | Identified the +11 war axe of Loinet {protect, *Slow rN++
                  | SInv}
  5847 | D:7      | Noticed Menkaure
  6038 | D:7      | Killed Menkaure
  6039 | D:7      | Reached skill level 5 in Necromancy
  6049 | D:7      | Identified the +8 sling "Jammaroem" {freeze, rC++}
  6060 | D:7      | Identified the +1 long sword of the Hero {venom, Str+3}
  6144 | D:7      | Found a sparkling altar of Nemelex Xobeh.
  6219 | D:7      | Noticed Duvessa
  6219 | D:7      | Noticed Dowan
  6234 | D:7      | Killed Duvessa
  6237 | D:7      | Killed Dowan
  6238 | D:7      | Reached skill level 5 in Spellcasting
  6251 | D:7      | Found a stormy altar of Qazlal.
  6738 | D:8      | Noticed Grum
  6751 | D:8      | Slain by Grum

Illustrated notes

Levels and vault maps discovered:
D:1:      dpeg_arrival_rooms_a, layout_rooms
D:2:      layout_basic, grunt_ministairs_5
D:3:      kennysheep_the_goblin_king, layout_basic,
          lemuel_coloured_pillars_altar, shapermc_ecumenical_altar_acropolis,
          uniq_ijyb
D:4:      layout_loops_ring, serial_shops, nicolae_shop_behind_doors,
          uniq_pargi, uniq_robin, uniq_blork_the_orc
D:5:      layout_basic, nicolae_uskayaw_murder_on_the_dancefloor,
          mainiacjoe_overflow_catwalk, nicolae_overflow_hidden_temple,
          kennysheep_slug_shrine
D:6:      layout_basic, mainiacjoe_overflow_boulevard,
          nicolae_hepliaklqana_hazy_memory, minmay_temple_entry_gardened_gates,
          nicolae_ossuary_entry_giza, biasface_ghost_orc_armoury,
          hellmonk_bongcloud_opening, uniq_edmund
D:7:      layout_cave_pools, old_standard_altar,
          nemelex_xobeh_ov_fountains_minmay, uniq_maggie, uniq_menkaure,
          uniq_duvessa
D:8:      kennysheep_six_static_rooms, layout_loops_ring,
          serial_co_window_serial, co_window_paths_b,
          co_window_of_opportunity_a, co_window_corner_a,
          co_window_of_opportunity_a, co_window_paths_a, co_window_paths_c,
          co_window_unsneaky_path_e, co_window_paths_c, co_window_2corner,
          glass_columns_c, glass_columns_b, glass_columns_b, glass_columns_b,
          glass_columns_a, kennysheep_small_square, uniq_prince_ribbit1,
          uniq_grum

Skill      XL: |  1  2  3  4  5  6  7  8  9 10 |
---------------+-------------------------------+-----
Stealth        | 3 4 5 6 |  6.9
Unarmed Combat | 1 |  1.0
Poison Magic   | 1 2 3 4 |  4.0
Fighting       | 1 2 3 4 |  4.4
Air Magic      | 1 2 |  2.0
Translocations | 2 3 |  3.0
Dodging        | 3 4 6 |  6.8
Polearms       | 1 2 3 5 6 |  6.1
Summonings     | 2 |  2.0
Necromancy     | 1 4 5 |  5.1
Conjurations   | 2 3 |  3.0
Spellcasting   | 4 5 |  5.1
Invocations    | 2 3 |  3.6
Short Blades   | |  0.1

Action                     |  1- 3 |  4- 6 |  7- 9 | 10-12 || total
---------------------------+-------+-------+-------+-------++-------
  Melee: Dagger            |    27 |       |       |       ||    27
         Constrict         |    26 |    17 |    42 |     7 ||    92
         Tentacles         |    17 |    10 |    55 |     9 ||    91
         Short sword       |    54 |    23 |       |       ||    77
         Punch             |     2 |     2 |     7 |     2 ||    13
         Spear             |       |    79 |   237 |    52 ||   368
         Hand axe          |       |     6 |       |       ||     6
  Throw: Dart              |     4 |       |     5 |       ||     9
   Cast: Call Imp          |     5 |     7 |    22 |     4 ||    38
         Blink             |     1 |       |     7 |     1 ||     9
         Mephitic Cloud    |       |     3 |    21 |     5 ||    29
         Magic Dart        |       |       |     1 |       ||     1
         Dispel Undead     |       |       |     1 |       ||     1
  Evoke: Wand              |       |     1 |     5 |     5 ||    11
    Use: Scroll            |       |     7 |    11 |     1 ||    19
         Potion            |       |     3 |     5 |       ||     8
   Stab: Sleeping          |    10 |    14 |     6 |     2 ||    32
         Paralysed         |       |     2 |    11 |       ||    13
         Confused          |       |       |     9 |     4 ||    13
         Distracted        |       |       |     3 |     1 ||     4
 Armour: Skin              |     5 |    14 |    41 |     8 ||    68
  Dodge: Dodged            |    44 |    53 |   111 |    26 ||   234

Table legend: (Time is in decaauts)
 A = Elapsed time spent in this place.
 B = Non-inter-level travel time spent in this place.
 C = Inter-level travel time spent in this place.
 D = Time resting spent in this place.
 E = Time spent auto-exploring this place.
 F = Levels seen in this place.
 G = Mean time per level.
                   A        B        C        D        E       F      G
               +--------+--------+--------+--------+--------+-----+--------+
         Total |   6727 |   6575 |    152 |    818 |   3190 |   9 |  747.4 |
       Dungeon |   6513 |   6361 |    152 |    818 |   3178 |   8 |  814.1 |
       Ossuary |    213 |    213 |      0 |      0 |     12 |   1 |  213.0 |
               +--------+--------+--------+--------+--------+-----+--------+

Top non-repeatable levels by time:
     D:6: 1560 daAuts
     D:3: 1110 daAuts
     D:5: 974 daAuts
     D:4: 753 daAuts
     D:2: 733 daAuts
     D:7: 578 daAuts
     D:1: 551 daAuts
     D:8: 252 daAuts
 Ossuary: 213 daAuts
